 Dungeon Sprint DCSS version 0.29.1 (webtiles) character file.

Game seed: 6756317746790663853

106 rocky1 the Slasher (level 4, -2/37 HPs)
             Began as a Minotaur Gladiator on Sept 13, 2022.
             Slain by a deep elf pyromancer
             ... wielding a +2 long sword of holy wrath
              (11 damage)
             ... in the Dungeon (Sprint III: "The Ten Rune Challenge").
             The game lasted 00:02:24 (436 turns).

rocky1 the Slasher (Minotaur Gladiator)              Turns: 436, Time: 00:02:24

Health: -2/37      AC:  3    Str: 19    XL:     4   Next: 55%
Magic:  3/3        EV: 13    Int:  5    God:
Gold:   11         SH:  0    Dex: 13    Spells: 3/3 levels left

rFire   . . .      SeeInvis .   a - +0 long sword
rCold   . . .      Faith    .   (no shield)
rNeg    . . .      Spirit   .   b - +0 leather armour
rPois   .          Reflect  .   c - +0 hat
rElec   .          Harm     .   m - +0 cloak
rCorr   .          Rampage  .   (no gloves)
Will    .....      NoTele   +   (no boots)
Stlth   +.........              (no amulet)
HPRegen 0.92/turn               (no ring)
MPRegen 0.08/turn               (no ring)

@: hasted, very quick
A: horns 2, retaliatory headbutt, deformed body, frail 1, regeneration 1
a: no special abilities


You were in the Dungeon.
You visited 1 branch You collected 11 gold pieces.

Inventory:

Hand Weapons
 a - a +0 long sword (weapon)
Missiles
 d - a throwing net (quivered)
 e - a javelin
Armour
 b - a +0 leather armour (worn)
 c - a +0 hat (worn)
 m - a +0 cloak (worn)
Scrolls
 o - 2 scrolls of torment {unknown}
 p - 2 scrolls of identify
 q - a scroll of vulnerability {unknown}
Potions
 f - 2 potions of curing
 i - 2 potions of magic
 l - 4 potions of flight
 n - a potion of mutation


   Skills:
 + Level 5.3 Fighting
 * Level 7.8 Long Blades
 - Level 2.0 Throwing
 + Level 4.6 Armour
 + Level 5.5 Dodging


You had 3 spell levels left.
You didn't know any spells.
Your spell library contained the following spells:

 Spells                   Type           Power      Damage    Failure   Level
 Fireball                 Conj/Fire      0%         3d3       100%        5
 Iskenderun's Battlesphe  Conj           0%         2d6       100%        5
 Conjure Ball Lightning   Conj/Air       0%         3x3d6     100%        6
 Orb of Destruction       Conj           0%         9d5       100%        7


Dungeon Overview and Level Annotations

Branches:
Dungeon (1/1)

Altars:
Elyvilon
Zin
The Shining One


Innate Abilities, Weirdness & Mutations

You have a pair of horns on your head.
You reflexively headbutt those who attack you in melee.
Armour fits poorly on your strangely shaped body.
You are frail. (-10% HP)
Your natural rate of healing is unusually fast.


Message History

Found three altars.
A deep elf pyromancer comes into view.
It is wielding a +2 long sword of holy wrath.
Found a potion of curing.
The deep elf pyromancer shouts!
There is an open door here.
The deep elf pyromancer hits you with a +2 long sword of holy wrath.
You slash the deep elf pyromancer! You headbutt the deep elf pyromancer.
The deep elf pyromancer is heavily wounded.
The deep elf pyromancer barely misses you.
You hit the deep elf pyromancer. You headbutt the deep elf pyromancer!
The deep elf pyromancer is almost dead.
You barely miss the deep elf pyromancer.
The deep elf pyromancer is almost dead.
The deep elf pyromancer points at you and mumbles some strange words.
The bolt of fire hits you!!
Ouch! That really hurt!
* * * LOW HITPOINT WARNING * * *
You barely miss the deep elf pyromancer.
The deep elf pyromancer is almost dead.
The deep elf pyromancer mumbles some strange words.
The deep elf pyromancer blinks!
You see here a potion of curing.
f - 2 potions of curing (gained 1)
The deep elf pyromancer mumbles some strange words.
You close the door.
You feel much better.
You open the door. You closely miss the fire elemental.
The fire elemental hits you. The fire elemental burns you!
You hit the fire elemental.
The fire elemental is lightly damaged.
The fire elemental hits you. The fire elemental burns you!
* * * LOW HITPOINT WARNING * * *
Unknown command.
Blink to where?
Press: ? - help, Dir - move target
As you read the scroll of blinking, it crumbles to dust.
The fire elemental barely misses you.
The deep elf pyromancer hits you with a +2 long sword of holy wrath!
You die...

▓▓▓ ▓▓▓ ..#### ##.#####
.....#####..#___#
...†..#..#..#.§.#
.##...#..#..###E#+###+##
.###..##'#..#.○Ee°○....#
#.##..###...'.⌠.@○.°...#
.##.†####...#...######+#
.##..###....#.⌠.#
##...##.....#...#
#....#..)...#+###
#..##.#.....# #..
####....# ▓▓▓ ▓▓▓▓▓▓


You could see a deep elf pyromancer and 2 fire elementals.

Vanquished Creatures
  A water elemental (D)
  Crazy Yiuf (D)
  A human (D)
  An endoplasm (D)
  3 rats (D)
7 creatures vanquished.

Notes
Turn   | Place    | Note
-------+----------+-------------------------------------------
     0 | D        | rocky1 the Minotaur Gladiator began the quest for the Orb.
     0 | D        | Reached XP level 1. HP: 18/18 MP: 0/0
    13 | D        | Reached skill level 4 in Long Blades
    16 | D        | Reached skill level 1 in Armour
   169 | D        | Reached skill level 5 in Long Blades
   169 | D        | Reached XP level 2. HP: 26/27 MP: 1/1
   182 | D        | Noticed Crazy Yiuf
   188 | D        | Killed Crazy Yiuf
   189 | D        | Reached skill level 6 in Long Blades
   189 | D        | Reached XP level 3. HP: 34/34 MP: 2/2
   212 | D        | Gained mutation: You sometimes lose your temper in combat.
                  | [potion of mutation]
   212 | D        | Gained mutation: Your spells are a little easier to cast,
                  | but a little less powerful. [potion of mutation]
   212 | D        | Gained mutation: Your muscles are strong. (Str +4, Int/Dex
                  | -1) [potion of mutation]
   213 | D        | Lost mutation: Your spells are a little easier to cast, but
                  | a little less powerful. [potion of mutation]
   213 | D        | Lost mutation: You sometimes lose your temper in combat.
                  | [potion of mutation]
   213 | D        | Gained mutation: You are frail. (-10% HP) [potion of
                  | mutation]
   213 | D        | Gained mutation: You are partially covered in large bone
                  | plates. (SH +4) [potion of mutation]
   214 | D        | Lost mutation: Your muscles are strong. (Str +4, Int/Dex
                  | -1) [potion of mutation]
   214 | D        | Lost mutation: You are partially covered in large bone
                  | plates. (SH +4) [potion of mutation]
   214 | D        | Gained mutation: Armour fits poorly on your strangely
                  | shaped body. [potion of mutation]
   214 | D        | Gained mutation: Your natural rate of healing is unusually
                  | fast. [potion of mutation]
   219 | D        | Noticed a water elemental
   224 | D        | Killed a water elemental
   225 | D        | Reached skill level 5 in Fighting
   225 | D        | Reached skill level 7 in Long Blades
   225 | D        | Reached skill level 5 in Dodging
   225 | D        | Reached XP level 4. HP: 11/37 MP: 3/3
   421 | D        | Found a glowing silver altar of Zin.
   421 | D        | Found a glowing golden altar of the Shining One.
   421 | D        | Found a white marble altar of Elyvilon.
   422 | D        | Noticed a deep elf pyromancer
   426 | D        | HP: 1/37 [deep elf pyromancer/bolt of fire (32)]
   430 | D        | Noticed a fire elemental
   430 | D        | Noticed a fire elemental
   436 | D        | Slain by a deep elf pyromancer

Illustrated notes

Levels and vault maps discovered:
D:        dungeon_sprint_mu [sprint_mu_entry_cave, sprint_mu_temple_rooms,
          sprint_mu_d1_spiders, sprint_mu_d2_genie, sprint_mu_d3_branching,
          sprint_mu_orc_legion, sprint_mu_elf_gauntlet, sprint_mu_hive_nellie,
          sprint_mu_lair_fedhas, sprint_mu_vaults_butterflies,
          sprint_mu_slime_circle, sprint_mu_shoals_kraken,
          sprint_mu_snake_twists, sprint_mu_blade_basic, sprint_mu_crypt_lich,
          sprint_mu_tomb_spiral, sprint_mu_vestibule_basic,
          sprint_mu_gehenna_hellfire, sprint_mu_dis_giant,
          sprint_mu_tartarus_statrot, sprint_mu_cocytus_islands, sprint_mu_zot1]

Skill      XL: |  1  2  3 |
---------------+----------+-----
Long Blades    | 5 6 7 |  7.8
Armour         | 2 3 4 |  4.6
Fighting       | 3 4 5 |  5.3
Dodging        | 4 5 |  5.5
Throwing       | |  2.0

Action                   |  1- 3 |  4- 6 || total
-------------------------+-------+-------++-------
Melee: Long sword        |    26 |     6 ||    32
       Headbutt          |     2 |     2 ||     4
Throw: Throwing net      |     4 |       ||     4
  Use: Potion            |     4 |     2 ||     6
       Scroll            |       |     1 ||     1
 Stab: Held in net/web   |     2 |       ||     2
Armor: Leather armour    |     3 |     1 ||     4
Dodge: Dodged            |     7 |     2 ||     9
